 Dungeon Crawl Stone Soup version 0.20.1-1-g8b1a95d (webtiles) character file.

319 McKennaii the Conjurer (level 6, -2/46 HPs)
             Began as a Draconian Conjurer on July 28, 2017.
             Was an Initiate of Sif Muna.
             Killed from afar by Ijyb (15 damage)
             ... with a wand of acid (?/15)
             ... on level 3 of the Dungeon.
             The game lasted 00:09:36 (3949 turns).

McKennaii the Conjurer (Draconian Conjurer)         Turns: 3949, Time: 00:09:37

Health: -2/46      AC:  6    Str: 10    XL:     6   Next: 21%
Magic:  9/11       EV: 12    Int: 18    God:    Sif Muna [......]
Gold:   173        SH:  0    Dex: 11    Spells: 7/12 levels left

rFire    + . .     SeeInvis .   (no weapon)
rCold    . . .     Gourm    .   (no shield)
rNeg     . . .     Faith    .   (armour unavailable)
rPois    .         Spirit   .   (helmet restricted)
rElec    .         Reflect  .   (no cloak)
rCorr    .         Harm     .   (no gloves)
MR       +....     Rnd*Tele +   (no boots)
Stlth    ++........             (no amulet)
Regen    0.2/turn               c - ring of protection from fire
MPRegen  0.2/turn               (no ring)

@: no status effects
A: unfitting armour, fangs 1, blurry vision 1, magic resistance 1, teleportitis
1, cold-blooded, AC +6
a: Renounce Religion


You were on level 3 of the Dungeon.
You worshipped Sif Muna.
Sif Muna was noncommittal.
You were near starving.

You visited 1 branch of the dungeon, and saw 3 of its levels.

You collected 173 gold pieces.

Inventory:

Jewellery
 c - a ring of protection from fire (left hand)
Scrolls
 d - a scroll of remove curse {unknown}
 e - a scroll of enchant armour {unknown}
 h - 2 scrolls of noise {unknown}
 m - a scroll of amnesia {unknown}
 n - 3 scrolls of magic mapping {unknown}
 o - 2 scrolls of identify {unknown}
Books
 a - a book of Conjurations

   Spells                             Type                      Level
   a - Magic Dart                     Conjuration                  1
   b - Searing Ray                    Conjuration                  2
   c - Dazzling Spray                 Conjuration/Hexes            3
   d - Fulminant Prism                Conjuration/Hexes            4
   e - Force Lance                    Conjuration/Translocation    4
   f - Iskenderun's Mystic Blast      Conjuration                  4
Comestibles
 b - 3 bread rations
 g - a meat ration
 l - a royal jelly


   Skills:
 + Level 0.9 Fighting
 + Level 2.6 Dodging
 + Level 2.8 Stealth
 - Level 0.4 Unarmed Combat
 + Level 3.8 Spellcasting
 + Level 5.5 Conjurations


You had 7 spell levels left.
You knew the following spells:

 Your Spells              Type           Power        Failure   Level  Hunger
a - Magic Dart            Conj           ###.         1%          1    None
b - Iskenderun's Mystic   Conj           ###.....     16%         4    ####...


Dungeon Overview and Level Annotations

Branches:
Dungeon (3/15)

Altars:
Hepliaklqana
Sif Muna
Trog

Annotations:
D:3 Ijyb


Innate Abilities, Weirdness & Mutations

Your plain brown scales are hard. (AC +6)
You cannot fit into any form of body armour.
You are cold-blooded and may be slowed by cold attacks.
You have very sharp teeth.
Scrolls take you a little longer to read.
You are resistant to hostile enchantments. (MR+)
You are occasionally teleported next to monsters.


Message History

Press: ? - help, Shift-Dir - straight line, f - Ijyb
Aim: Ijyb, wielding an enchanted club and wearing a ring mail The magic dart hits Ijyb.
Ijyb is lightly wounded.
The goblin shouts!
Casting: Magic Dart
Confirm with . or Enter, or press ? or * to list all spells.
Aiming: Magic Dart
Press: ? - help, Shift-Dir - straight line, f/p - Ijyb
Aim: Ijyb, wielding an enchanted club and wearing a ring mail (lightly wounded)
The magic dart hits Ijyb.
Ijyb is lightly wounded.
Ijyb screams, "No!
No, no, no, no!"
Ijyb zaps a wand.
The bolt of acid hits you!
Ouch! That really hurt!
You are splashed with acid!
The acid burns!
* * * LOW HITPOINT WARNING * * *
It is a wand of acid (?/15).
Ijyb zaps a wand.
The bolt of acid hits you!
You die...

#.............#
..............# ##.
###.####......#####...
#..# #......#.....
##.# #......#...# .#
#......#...# ..
#####......# #..
####...# #. #>@.######
.. #..(.....#
#...[.......?
.gg............
#####..........
##......... #.........
#......... #....(....


You could see Ijyb and a goblin.

Vanquished Creatures
  Grinder (D:3)
  4 adders (D:2)
  2 worms (D:2)
  A dart slug (D:1)
  2 leopard geckos
  7 orcs (D:3)
  7 bats
  5 giant cockroaches
  8 goblins
  11 hobgoblins
  5 kobolds
  2 quokkas (D:3)
  A frilled lizard (D:2)
  14 rats
70 creatures vanquished.

Notes
Turn   | Place    | Note
-------+----------+-------------------------------------------
     0 | D:1      | McKennaii the Draconian Conjurer began the quest for the Orb.
     0 | D:1      | Reached XP level 1. HP: 14/14 MP: 3/3
   456 | D:1      | Reached XP level 2. HP: 20/20 MP: 1/5
  1028 | D:1      | Reached XP level 3. HP: 26/26 MP: 3/6
  2211 | D:2      | Reached XP level 4. HP: 33/33 MP: 3/7
  2277 | D:2      | Learned a level 4 spell: Iskenderun's Mystic Blast
  2995 | D:3      | Reached skill level 5 in Conjurations
  3070 | D:3      | Found a bloodstained altar of Trog.
  3070 | D:3      | Found a deep blue altar of Sif Muna.
  3073 | D:3      | Found a hazy altar of Hepliaklqana.
  3080 | D:3      | Became a worshipper of Sif Muna the Loreminder
  3254 | D:3      | Noticed Grinder
  3261 | D:3      | Paralysed by Grinder for 2 turns
  3263 | D:3      | Gained mutation: You are resistant to hostile enchantments. (MR+) [potion of mutation]
  3263 | D:3      | Gained mutation: You are occasionally teleported next to monsters. [potion of mutation]
  3263 | D:3      | Gained mutation: Scrolls take you a little longer to read. [potion of mutation]
  3263 | D:3      | Gained mutation: You have very sharp teeth. [potion of mutation]
  3617 | D:3      | Paralysed by Grinder for 6 turns
  3630 | D:3      | Killed Grinder
  3630 | D:3      | Reached XP level 5. HP: 5/39 MP: 0/10
  3630 | D:3      | Reached XP level 6. HP: 6/46 MP: 0/11
  3946 | D:3      | Noticed Ijyb
  3949 | D:3      | Killed from afar by Ijyb

Skill      XL: |  1  2  3  4 |
---------------+-------------+-----
Dodging        | 2 |  2.6
Stealth        | 2 |  2.8
Conjurations   | 5 |  5.5
Spellcasting   | 3 |  3.8
Fighting       | |  0.9
Unarmed Combat | |  0.4

Action                   |  1- 3 |  4- 6 || total
-------------------------+-------+-------++-------
Melee: Unarmed           |    29 |    96 ||   125
       Tailslap          |     1 |     9 ||    10
       Punch             |       |     1 ||     1
 Cast: Magic Dart        |    96 |    76 ||   172
       Iskenderun's Myst |       |     3 ||     3
  Use: Potion            |       |     5 ||     5
  Eat: Chunk             |     5 |     5 ||    10
Armor: Skin              |    19 |    26 ||    45
Dodge: Dodged            |    47 |    64 ||   111
